 Dungeon Crawl Stone Soup version 5.7-8-g3a8b389 (webtiles) character file.

8 Thrkk the Chopper (level 2, 22/22 HPs)
             Began as a Demonspawn Torpor Knight on May 11, 2019.
             Was a Follower of Cheibriados.
             Quit the game on level 1 of the Dungeon.
             The game lasted 00:00:54 (594 turns).

Thrkk the Chopper (Demonspawn Torpor Knight)         Turns: 594, Time: 00:00:54

Health: 22/22      AC: 10 (34%)Str: 15  XL:     2   Next: 68%
Magic:  4/4        EV:  6    Int: 16    God:    Cheibriados [1*[49]]
Gold:   76         SH:  0    Dex: 15    Spells: 5/5 levels left

rFire    . . .     SeeInvis .   a - +0 hand axe
rCold    . . .     Faith    .   (no shield)
rNeg     . . .     Spirit   .   h - +2 chain mail {rPois}
rPois    +         Reflect  .   (helmet restricted)
rElec    .                      (no cloak)
rCorr    .                      (no gloves)
MR       .....                  (no boots)
Stlth    ..........             (no amulet)
Regen    0.1/turn               (no ring)
MPRegen  0.2/turn               (no ring)

@: very slow
A: antennae 1
a: Bend Time, Renounce Religion


You were on level 1 of the Dungeon.
You worshipped Cheibriados.
Cheibriados was aware of your devotion.
You were not hungry.

You visited 1 branch of the dungeon, and saw 1 of its levels.

You collected 76 gold pieces.

Inventory:

Hand Weapons
 a - a +0 hand axe (weapon)
Armour
 b - a +0 plate armour of ponderousness
 h - a +2 chain mail of poison resistance (worn)
Scrolls
 c - a scroll of enchant weapon
 d - a scroll of teleportation
 e - a scroll of fear
 g - a scroll of fog
Potions
 f - a potion of augmentation


   Skills:
 + Level 2.2 Fighting
 + Level 3.3 Axes
 + Level 1.9 Armour
 + Level 0.8 Dodging
 + Level 2.4 Invocations


You had 5 spell levels left.
You didn't know any spells.
Your spell library was empty.

Dungeon Overview and Level Annotations

Branches:
Dungeon (1/15)

Altars:


Innate Abilities, Weirdness & Mutations

You have a pair of small antennae on your head.


Message History

The frilled lizard bites you but does no damage.
You barely miss the frilled lizard.
The frilled lizard bites you but does no damage.
You hit the frilled lizard (6).
You kill the frilled lizard!
Cheibriados appreciates the change of pace.
No target in view!
No target in view!
You see here a +2 chain mail of poison resistance.
h - a +2 chain mail of poison resistance Wear which item (? for menu, Esc to quit)
You start removing your armour.
You continue taking off your +0 plate armour of ponderousness. x4
You finish taking off your +0 plate armour of ponderousness.
That put a bit of spring back into your step.
You start putting on your armour.
You continue putting on your +2 chain mail of poison resistance. x5
You finish putting on your +2 chain mail of poison resistance.
You feel resistant to poison.
Are you sure you want to abandon this character and quit the game? (Confirm with "yes".)

#.# #.#
#.# #.#
#.# #.#
#.# #.#
#.########
#.#
#........#
#.#
########.#
#.# #@#
#.# ## #.$
... ####
###


There were no monsters in sight!

Vanquished Creatures
  A dart slug (D:1)
  A bat (D:1)
  A giant cockroach (D:1)
  3 goblins (D:1)
  3 hobgoblins (D:1)
  4 jackals (D:1)
  4 frilled lizards (D:1)
17 creatures vanquished.

Notes
Turn   | Place    | Note
-------+----------+-------------------------------------------
     0 | D:1      | Thrkk the Demonspawn Torpor Knight began the quest for the Orb.
     0 | D:1      | Reached XP level 1. HP: 16/16 MP: 2/2
     0 | D:1      | Noticed a troll
     0 | D:1      | Noticed a human
     1 | D:1      | Noticed a centaur
     3 | D:1      | Noticed a spriggan
     3 | D:1      | Noticed a naga
     5 | D:1      | Noticed a troll
     6 | D:1      | Noticed a vine stalker
     7 | D:1      | Noticed a formicid
    10 | D:1      | Noticed a troll
    12 | D:1      | Noticed a formicid
    12 | D:1      | Noticed a formicid
    14 | D:1      | Noticed a ghoul
    14 | D:1      | Noticed a gargoyle
    16 | D:1      | Noticed a jiangshi
    18 | D:1      | Noticed a minotaur
    18 | D:1      | Noticed an elf
    20 | D:1      | Noticed a dwarf
   212 | D:1      | Reached skill level 3 in Axes
   212 | D:1      | Gained mutation: You have a pair of small antennae on your head. [demonic ancestry]
   212 | D:1      | Reached XP level 2. HP: 22/22 MP: 4/4
   594 | D:1      | Quit the game

Skill      XL: |  1 |
---------------+----+-----
Axes           | 3 |  3.3
Fighting       | |  2.2
Armour         | |  1.9
Dodging        | |  0.8
Invocations    | |  2.4

Action                   || total
-------------------------++-------
Melee: Hand axe          ||    52
Armor: Plate armour      ||    49
Dodge: Dodged            ||    14
